 Dungeon Crawl Stone Soup version 0.16.2-12-gd0ad4c3 (webtiles) character file.

66 Kira the Sneak (level 3, -3/16 HPs)
             Began as a Spriggan Enchanter on Oct 20, 2015.
             Slain by a worm (5 damage)
             ... on level 2 of the Dungeon.
             The game lasted 00:04:23 (1041 turns).

Kira the Sneak (Spriggan Enchanter)                 Turns: 1041, Time: 00:04:23

Health: -3/16      AC:  3    Str:  4    XL:     3   Next: 96%
Magic:  1/11       EV: 18    Int: 17    God:
Gold:   109        SH:  0    Dex: 16    Spells: 4 memorised, 0 levels left

rFire  . . .     SeeInvis +     l - +1 dagger (drain)
rCold  + . .     Clarity  .     b - +1 robe
rNeg   . . .     SustAb   .     (shield restricted)
rPois  .         Gourm    .     (helmet restricted)
rElec  .         Spirit   .     (no cloak)
rCorr  .         Warding  .     (gloves unavailable)
rMut   .         Stasis   .     (boots unavailable)
MR     .....                    (no amulet)
Stlth  ++++......               (no ring)
                                n - ring of protection from cold

@: very slightly contaminated, very quick, not resistant to hostile
enchantments, stealthy
A: unfitting armour, see invisible, herbivore 3, speed 3, slow metabolism 2
a: no special abilities


You were on level 2 of the Dungeon.
You were not hungry.

You visited 1 branch of the dungeon, and saw 2 of its levels.

You collected 109 gold pieces.

Inventory:

Hand weapons
 a - a +1 dagger
 l - a +1 dagger of draining (weapon)
Armour
 b - a +1 robe (worn)
Jewellery
 n - a ring of protection from cold (left hand)
Scrolls
 e - a scroll of random uselessness {unknown}
 f - 5 scrolls of identify {unknown}
 i - 2 scrolls of teleportation {unknown}
 m - a scroll of enchant armour {unknown}
Potions
 g - a potion of brilliance {unknown}
 h - 2 potions of magic {unknown}
 j - a potion of mutation {unknown}
 k - a potion of resistance {unknown}
Books
 c - a book of Maledictions

   Spells                             Type                      Level
   a - Corona                         Hexes                        1
   b - Sure Blade                     Hexes/Charms                 2
   c - Ensorcelled Hibernation        Hexes/Ice                    2
   d - Confuse                        Hexes                        3
   e - Dazzling Spray                 Conjuration/Hexes            3
   f - Enslavement                    Hexes                        4
Comestibles
 d - 3 bread rations


   Skills:
 + Level 1.7 Short Blades
 + Level 3.5 Dodging
 + Level 5.8 Stealth
 + Level 3.4 Spellcasting
 + Level 4.1 Hexes


You couldn't memorise any spells.
You knew the following spells:

 Your Spells              Type           Power        Failure   Level  Hunger
a - Corona                Hex            ###....      3%          1    None
b - Ensorcelled Hibernat  Hex/Ice        #.....       14%         2    ##.....
c - Sure Blade            Hex/Chrm       #.........   14%         2    ##.....
d - Confuse               Hex            ###.....     12%         3    ###....


Dungeon Overview and Level Annotations

Branches:
Dungeon (2/15)

Altars:


Innate Abilities, Weirdness & Mutations

You are tiny and cannot use many weapons and most armour.
You have supernaturally acute eyesight.
You are a herbivore.
You cover ground extremely quickly.
You need consume almost no food.


Message History

You don't have enough magic to cast that spell.
Casting: Confuse
Confirm with . or Enter, or press ? or * to list all spells.
Aiming: Confuse
Press: ? - help, Shift-Dir - straight line, f/p - worm
Aim: a worm (severely wounded, chance 55%)
The worm appears confused.
The bond with your blade fades away.
You see here a rat corpse.
You hit the worm.
The worm is almost dead.
You see here a rat corpse.
You hit the worm.
The worm is almost dead.
The worm bites you.
* * * LOW HITPOINT WARNING * * *
You hit the worm. You drain the worm!
The worm is almost dead.
The worm bites you.
You die...

#.⌠...⌠.#......
#.......#......
####'#####..... #.#####...##
#############...........
#####.....##.......####....#
..≈........##.#######........
..≈.........w.# ##...#######
.≈≈.........@#####.......##..
.≈≈≈.........†.....#####.....
≈≈≈≈≈......######## ####..
≈≈≈≈≈≈≈....# #.. ≈≈≈≈≈≈≈≈...#
#.. §§≈≈≈.....# #..
§≈≈≈.....# ### ≈≈......#
≈≈≈...##


You could see a worm (confused).

Vanquished Creatures
  2 adders (D:2)
  2 worms (D:2)
  A ball python (D:1)
  2 giant cockroaches (D:2)
  6 goblins
  4 hobgoblins (D:2)
  2 jackals (D:2)
  5 kobolds
  A quokka (D:2)
  3 bats (D:1)
  2 giant newts (D:1)
  2 rats
32 creatures vanquished.

Notes
Turn   | Place    | Note
--------------------------------------------------------------
     0 | D:1      | Kira, the Spriggan Enchanter, began the quest for the Orb.
     0 | D:1      | Reached XP level 1. HP: 9/9 MP: 4/4
   414 | D:1      | Reached skill level 5 in Stealth
   414 | D:1      | Reached XP level 2. HP: 13/13 MP: 7/7
   418 | D:1      | Learned a level 2 spell: Ensorcelled Hibernation
   421 | D:1      | Learned a level 2 spell: Sure Blade
   771 | D:2      | Reached XP level 3. HP: 13/16 MP: 8/11
   776 | D:2      | Learned a level 3 spell: Confuse
  1041 | D:2      | Slain by a worm

Action                   || total
-------------------------++-------
Melee: Dagger            ||    82
 Cast: Corona            ||     2
       Ensorcelled Hiber ||    12
       Confuse           ||     1
       Sure Blade        ||     1
 Stab: Sleeping          ||    12
